 Dungeon Crawl Stone Soup version 0.31-a0-174-g85c54bcb58 (webtiles) character file.

Game seed: 4653758732096300981

3253 qw the Cleaver (level 10, -10/64 HPs)
             Began as a Gargoyle Fighter on June 15, 2023.
             Mangled by a boulder beetle (29 damage)
             ... on level 9 of the Dungeon.
             The game lasted 00:03:00 (6566 turns).

qw the Cleaver (Gargoyle Fighter)                   Turns: 6566, Time: 00:03:01

Health: -10/64     AC: 24    Str: 29    XL:     10   Next: 0%
Magic:  10/10      EV:  8    Int: 10    God:
Gold:   1467       SH:  4    Dex:  9    Spells: 9/9 levels left

rFire   . . .        Y - +2 war axe (flame)
rCold   . . .        c - +0 buckler
rNeg    + . .        n - +0 plate armour
rPois   inf          b - +0 helmet
rElec   +            (no cloak)
rCorr   .            (no gloves)
SInv    .            (no boots)
Will    .....        (no amulet) Stlth
                     j - +4 ring of protection
HPRegen 0.30/turn    r - +6 ring of strength
MPRegen 0.12/turn

%: no passive effects
@: no status effects
A: sickness immunity, AC +7, negative energy resistance 1, electricity
resistance, torment resistance 1, petrification resistance
a: no special abilities


You were on level 9 of the Dungeon.
You visited 2 branches of the dungeon, and saw 10 of its levels.

You collected 1547 gold pieces.
You spent 80 gold pieces at shops.


Innate Abilities, Weirdness & Mutations

You are immune to sickness and miasma.
Your stone body is resilient. (AC +7)
You are immune to poison.
You resist negative energy. (rN+)
You are resistant to electric shocks. (rElec)
You are resistant to unholy torment.
You are immune to petrification.


   Skills:
 - Level 7.6 Fighting
 - Level 10.0 Axes
 - Level 2.0 Throwing
 + Level 4.9 Armour
 - Level 2.2 Dodging
 - Level 4.3 Shields


You had 9 spell levels left.
You didn't know any spells.
Your spell library was empty.

Inventory:

Hand Weapons
 Y - a +2 war axe of flaming (weapon)
Missiles
 m - 2 boomerangs (quivered)
Armour
 b - a +0 helmet (worn)
 c - a +0 buckler (worn)
 n - a +0 plate armour (worn)
Jewellery
 j - a +4 ring of protection (left hand)
 r - a +6 ring of strength (right hand)
 u - a ring of fire
Scrolls
 h - 4 scrolls of identify
Potions
 a - 3 potions of attraction
 d - a potion of might
 e - 4 potions of haste
 f - 4 potions of curing
 g - a potion of magic
 i - 2 potions of lignification

Dungeon Overview and Level Annotations

Branches:
Dungeon (9/15)             Temple (1/1) D:5            Lair (0/5) D:8
    Orc: D:9-12

Altars:
Cheibriados
Dithmenos
Elyvilon
Fedhas
Gozag
Hepliaklqana
Nemelex Xobeh
Qazlal
Ru
Sif Muna
Trog
Vehumet
Wu Jian
Xom
Yredelemnul
Zin
The Shining One

Shops:
D:1 !

Annotations:
D:7 1 runed translucent door


Message History

The boulder beetle stops rolling and uncurls.
You hit the boulder beetle but do no damage.
The boulder beetle bites you!
You hit the boulder beetle but do no damage.
The boulder beetle closely misses you.
You hit the boulder beetle but do no damage.
The boulder beetle barely misses you.
You hit the boulder beetle. You burn the boulder beetle.
The boulder beetle is lightly wounded.
The boulder beetle bites you!
You hit the boulder beetle but do no damage.
The boulder beetle is lightly wounded.
The boulder beetle barely misses you.
You hit the boulder beetle but do no damage.
The boulder beetle is lightly wounded.
The boulder beetle barely misses you.
You slash the boulder beetle! You burn the boulder beetle.
The boulder beetle is moderately wounded.
The boulder beetle bites you!
You slash the boulder beetle! You burn the boulder beetle.
The boulder beetle is moderately wounded.
The boulder beetle leaps!
You throw a boomerang.
The boomerang hits the boulder beetle but does no damage.
The boulder beetle is moderately wounded.
The boulder beetle waves its antennae.
The boulder beetle leaps!
You start resting.
A boulder beetle is nearby!
You throw a boomerang.
The boomerang hits the boulder beetle but does no damage.
The boulder beetle is moderately wounded.
The boulder beetle curls into a ball and begins rolling!
You throw a boomerang.
The boomerang hits the boulder beetle but does no damage.
The boulder beetle is moderately wounded.
You throw a boomerang. The boomerang hits the boulder beetle.
The boulder beetle is moderately wounded.
The boulder beetle hits you!!
You die...

########## ####
#......... ...#
#.!....... #..#
#.?....... #..#
#......... #..#
#......#
#..########B@....#
#........00......#
#####.......0........#
...........0#####....#
............+ ....#
............# ....#
............# ....#
)...........# ....#
............# ..#


You could see a boulder beetle (rolling).

Vanquished Creatures
  A hornet (D:8)
  Grinder (D:4)
  A wyvern (D:7)
  An acid dragon (D:8)
  A water moccasin (D:6)
  A black bear (D:7)
  2 sky beasts (D:7)
  3 ice beasts
  An ogre (D:5)
  2 centaurs (D:7)
  A phantom (D:7)
  A kobold brigand (D:9)
  5 bullfrogs
  A gnoll sergeant (D:8)
  3 scorpions
  3 killer bees (D:8)
  An electric eel (D:7)
  3 howler monkeys (D:7)
  An orc priest (D:4)
  2 hounds
  2 jellies
  2 gnoll boudas
  A sleepcap (D:7)
  5 iguanas
  3 orc wizards
  12 gnolls
  3 adders
  2 ufetubi
  2 worms (D:3)
  3 dart slugs
  23 orcs
  6 bats
  10 endoplasms
  3 giant cockroaches
  7 goblins
  5 hobgoblins
  8 jackals
  2 quokkas
  5 ball pythons
  5 frilled lizards
  10 kobolds
  A kobold skeleton (D:7)
  3 rats
158 creatures vanquished.

Notes
Turn   | Place    | Note
-------+----------+-------------------------------------------
     0 | D:1      | qw the Gargoyle Fighter began the quest for the Orb.
     0 | D:1      | Reached XP level 1. HP: 14/14 MP: 1/1
     0 | D:1      | 0 ||| qw: Version: 0.2-a-29-g511e9b1
     0 | D:1      | 0 ||| qw: Game counter: 5584
     0 | D:1      | 0 ||| qw: Always use a shield: true
     0 | D:1      | 0 ||| qw: God list: Okawaru
     0 | D:1      | 0 ||| qw: Allow faded altars: false
     0 | D:1      | 0 ||| qw: Do Orc after D:15 true
     0 | D:1      | 0 ||| qw: Do second Lair branch before Depths: true
     0 | D:1      | 0 ||| qw: Lair rune preference: random
     0 | D:1      | 0 ||| qw: Plans: Normal, Zot:1-4, Slime:5, God:TSO, Crypt,
                  | Tomb, Abyss, Pan, Hells, Win
     0 | D:1      | 0 ||| PLANNING D:1-11
    46 | D:1      | Reached skill level 2 in Axes
   147 | D:1      | Reached XP level 2. HP: 19/19 MP: 2/2
   164 | D:1      | 164 ||| DROPPING +0 club.
   228 | D:1      | 228 ||| Stepping ~*~*~tactically~*~*~ (hiding).
   380 | D:1      | Found Biocierr's Distillery.
   386 | D:1      | 386 ||| SHOPLISTING potion of haste (100 gold, have 80).
   386 | D:1      | 386 ||| BUYING potion of heal wounds (50 gold).
   386 | D:1      | Bought a potion of heal wounds for 50 gold pieces
   386 | D:1      | 386 ||| BUYING potion of lignification (30 gold).
   386 | D:1      | Bought a potion of lignification for 30 gold pieces
   579 | D:1      | Reached skill level 3 in Axes
   595 | D:1      | Reached XP level 3. HP: 16/23 MP: 3/3
   725 | D:1      | 725 ||| UPGRADING to +4 ring of protection.
   726 | D:1      | 726 ||| READING scroll labelled SALACZE DUIGU.
  1332 | D:2      | 1332 ||| DROPPING ring of magical power.
  1423 | D:3      | Reached XP level 4. HP: 28/28 MP: 4/4
  1538 | D:3      | Reached skill level 4 in Axes
  1649 | D:3      | Noticed an ice beast
  1655 | D:3      | Killed an ice beast
  1656 | D:3      | Reached skill level 5 in Axes
  1656 | D:3      | Reached XP level 5. HP: 32/32 MP: 5/5
  1913 | D:3      | Found a white marble altar of Elyvilon.
  1990 | D:3      | 1990 ||| DROPPING ring of flight.
  1991 | D:3      | 1991 ||| UPGRADING to +6 ring of strength.
  1992 | D:3      | 1992 ||| READING scroll labelled LOHYTI TOUCAOJO.
  1993 | D:3      | 1993 ||| READING scroll labelled NEQEWU EGIDYT.
  1994 | D:3      | 1994 ||| READING scroll labelled OGAUDI PAXTACU.
  1995 | D:3      | 1995 ||| READING scroll labelled ACIG URHOBB.
  1996 | D:3      | 1996 ||| READING scroll labelled LIOTZO HOIME.
  1997 | D:3      | 1997 ||| READING scroll labelled HIR AMOLEZEIS.
  1998 | D:3      | 1998 ||| READING scroll labelled ACUTWU NOSA.
  1998 | D:3      | Identified a scroll of acquirement
  1998 | D:3      | 1998 ||| ACQUIRING 1015 gold pieces
  1998 | D:3      | Acquired 1015 gold pieces
  2000 | D:3      | 2000 ||| READING scroll labelled BETACA TID QAM.
  2025 | D:4      | Noticed an ice beast
  2045 | D:4      | Killed an ice beast
  2046 | D:4      | Reached XP level 6. HP: 26/37 MP: 6/6
  2090 | D:4      | 2090 ||| DROPPING +0 whip.
  2234 | D:4      | HP: 2/37 [orc priest/divine providence (9)]
  2235 | D:4      | 2235 ||| DRINKING potion of heal wounds.
  2361 | D:4      | Found an opulent altar of Gozag.
  2404 | D:4      | Noticed Grinder
  2405 | D:4      | 2405 ||| Stepping ~*~*~tactically~*~*~ (hiding).
  2415 | D:4      | Killed Grinder
  2416 | D:4      | Reached XP level 7. HP: 44/44 MP: 7/7
  2556 | D:4      | 2556 ||| Stepping ~*~*~tactically~*~*~ (stealth).
  2648 | D:4      | 2648 ||| DROPPING +0 mace.
  2866 | D:4      | 2866 ||| UPGRADING to +0 chain mail.
  2876 | D:4      | 2876 ||| DROPPING +0 scale mail.
  2877 | D:4      | 2877 ||| READING scroll labelled VARUTR GYVEPH.
  2878 | D:4      | 2878 ||| READING scroll labelled TULLE VALU.
  2979 | D:4      | 2979 ||| DRINKING 3 viscous puce potions.
  2997 | D:5      | Entered Level 5 of the Dungeon
  3007 | D:5      | 3007 ||| Stepping ~*~*~tactically~*~*~ (stealth).
  3008 | D:5      | 3008 ||| Stepping ~*~*~tactically~*~*~ (stealth).
  3025 | D:5      | Reached skill level 1 in Throwing
  3189 | D:5      | 3189 ||| UPGRADING to +0 helmet.
  3194 | D:5      | 3194 ||| DRINKING 3 dark potions.
  3195 | D:5      | 3195 ||| DRINKING 2 lumpy grey potions.
  3200 | D:5      | 3200 ||| STAIRDANCE
  3279 | D:5      | Reached skill level 6 in Axes
  3287 | D:5      | 3287 ||| DROPPING +0 morningstar of holy wrath.
  3288 | D:5      | 3288 ||| UPGRADING to +2 war axe of flaming.
  3289 | D:5      | 3289 ||| DROPPING +1 war axe.
  3321 | D:5      | Found a staircase to the Ecumenical Temple.
  3322 | D:5      | 3322 ||| PLANNING TEMPLE
  3354 | Temple   | Entered the Ecumenical Temple
  3510 | Temple   | 3510 ||| PLANNING D:1-11
  3890 | D:5      | Reached XP level 8. HP: 27/50 MP: 8/8
  4076 | D:5      | 4076 ||| READING 4 scrolls of identify.
  4076 | D:5      | 4076 ||| IDENTIFYING blue potion
  4077 | D:5      | 4077 ||| READING 3 scrolls of identify.
  4077 | D:5      | 4077 ||| IDENTIFYING lumpy blue potion
  4078 | D:5      | 4078 ||| DROPPING potion of brilliance.
  4079 | D:5      | 4079 ||| DROPPING potion of degeneration.
  4270 | D:6      | Reached skill level 7 in Axes
  4557 | D:6      | 4557 ||| DROPPING +6 ring of dexterity.
  4558 | D:6      | 4558 ||| READING scroll labelled JIEZAR RE CAR.
  4559 | D:6      | 4559 ||| READING scroll labelled GASOTW RORITY.
  4790 | D:7      | Reached skill level 8 in Axes
  4822 | D:7      | Reached skill level 6 in Fighting
  4989 | D:7      | Reached XP level 9. HP: 55/55 MP: 9/9
  5025 | D:7      | Reached skill level 9 in Axes
  5063 | D:7      | 5063 ||| Stepping ~*~*~tactically~*~*~ (water).
  5136 | D:7      | 5136 ||| Stepping ~*~*~tactically~*~*~ (stealth).
  5138 | D:7      | Found a sacrificial altar of Ru.
  5146 | D:7      | 5146 ||| FLEEEEING.
  5147 | D:7      | 5147 ||| FLEEEEING.
  5148 | D:7      | 5148 ||| FLEEEEING.
  5149 | D:7      | 5149 ||| FLEEEEING.
  5150 | D:7      | 5150 ||| FLEEEEING.
  5151 | D:7      | 5151 ||| FLEEEEING.
  5187 | D:7      | 5187 ||| Stepping ~*~*~tactically~*~*~ (stealth).
  5188 | D:7      | 5188 ||| Stepping ~*~*~tactically~*~*~ (stealth).
  5311 | D:7      | Found a runed translucent door.
  5318 | D:7      | Found a basalt altar of Yredelemnul.
  5319 | D:7      | 5319 ||| READING 3 scrolls of identify.
  5319 | D:7      | 5319 ||| IDENTIFYING inky potion
  5598 | D:8      | Noticed a hornet
  5609 | D:8      | Killed a hornet
  5692 | D:8      | 5692 ||| Stepping ~*~*~tactically~*~*~ (hiding).
  5747 | D:8      | 5747 ||| Stepping ~*~*~tactically~*~*~ (hiding).
  5824 | D:8      | Found a staircase to the Lair.
  5989 | D:8      | Reached skill level 10 in Axes
  6049 | D:8      | 6049 ||| Stepping ~*~*~tactically~*~*~ (hiding).
  6069 | D:8      | Found a snail-covered altar of Cheibriados.
  6089 | D:8      | HP: 5/57 [acid dragon/splash of acid (20)]
  6090 | D:8      | 6090 ||| READING scroll of teleportation.
  6305 | D:8      | Found a hazy altar of Hepliaklqana.
  6471 | D:8      | 6471 ||| UPGRADING to +0 plate armour.
  6481 | D:8      | 6481 ||| DROPPING +0 chain mail.
  6520 | D:9      | Reached XP level 10. HP: 64/64 MP: 10/10
  6540 | D:9      | Noticed a boulder beetle
  6551 | D:9      | HP: 15/64 [boulder beetle (10)]
  6566 | D:9      | Mangled by a boulder beetle

Levels and vault maps discovered:
D:1:      lightli_arrival_windingriver, layout_loops_ring, serial_shops, shop,
          serial_forest, infiniplex_forest_lined_2, infiniplex_forest_end_1,
          infiniplex_forest_clump_C, infiniplex_forest_clump_large,
          infiniplex_forest_lined_4_way, infiniplex_forest_straight_2,
          infiniplex_forest_clump_small
D:2:      layout_loops_ring, item_on_display_a
D:3:      layout_loops_ring, elyvilon_altar_1
D:4:      layout_cave_pods, nicolae_overflow_hidden_temple, uniq_grinder
D:5:      layout_loops_ring, minmay_temple_entry_large_hall, grunt_decor_cap
D:6:      layout_cave_pools
D:7:      wad_river_or_something, layout_rooms, dk_yredelemnul_ordeal,
          mainiacjoe_overflow_boulevard, roderic_lattice_a
D:8:      layout_gridville, kennysheep_slug_shrine, nzn_hepliaklqana_mist_gate,
          lair_entry_dummy
D:9:      layout_irregular_city, nicolae_ashenzari_skybound,
          grunt_temple_overflow_open, lemuel_crystal_altar, skrybe_limestone_x
Temple:   bh_familiar_temple

Skill      XL: |  1  2  3  4  5  6  7  8  9 |
---------------+----------------------------+-----
Axes           | 2 3 5 6 8 10 | 10.0
Dodging        | 2 |  2.2
Fighting       | 5 6 7 |  7.6
Throwing       | 1 2 |  2.0
Shields        | 4 |  4.3
Armour         | 4 |  4.9

Action                     |  1- 3 |  4- 6 |  7- 9 | 10-12 || total
---------------------------+-------+-------+-------+-------++-------
  Melee: War axe           |   121 |    81 |   232 |     8 ||   442
  Throw: Boomerang         |       |       |    93 |     8 ||   101
    Use: Scroll            |     1 |     8 |     8 |       ||    17
         Potion            |       |     1 |     3 |       ||     4
 Armour: Scale mail        |    79 |    56 |    12 |       ||   147
         Chain mail        |       |       |   121 |       ||   121
         Plate armour      |       |       |     1 |       ||     1
  Dodge: Dodged            |    54 |    46 |    75 |     4 ||   179
  Block: Buckler           |    26 |    19 |    41 |       ||    86

Table legend:
 A = Non-vault XP
 B = Vault XP
 C = Vault XP percentage of total XP
 D = Non-vault monster count
 E = Vault monster count
 F = Vault count percentage of total count
                 A         B        C        D         E       F
            +---------+---------+-------+---------+---------+-------
      Total |    3782 |     866 |  18.6 |     146 |      12 |   7.6
            +---------+---------+-------+---------+---------+-------
        D:1 |      36 |       0 |   0.0 |      23 |       0 |   0.0
        D:2 |      27 |       0 |   0.0 |      16 |       0 |   0.0
        D:3 |     180 |       0 |   0.0 |      13 |       0 |   0.0
        D:4 |     235 |     277 |  54.1 |      26 |       1 |   3.7
        D:5 |     549 |       0 |   0.0 |      21 |       0 |   0.0
        D:6 |     231 |       0 |   0.0 |       4 |       0 |   0.0
        D:7 |    1232 |     585 |  32.2 |      20 |      10 |  33.3
        D:8 |    1092 |       4 |   0.4 |      18 |       1 |   5.3
        D:9 |     200 |       0 |   0.0 |       5 |       0 |   0.0
            +---------+---------+-------+---------+---------+-------
